 Dungeon Crawl Stone Soup version 0.27-a0-1591-gc56fcc985a (webtiles) character file.

Game seed: 482272426313065109

115 DocClef the Covert (level 5, -2/47 HPs)
             Began as a Gnoll Delver on July 19, 2021.
             Slain by Menkaure (22 damage)
             ... on level 5 of the Dungeon.
             The game lasted 00:00:21 (152 turns).

DocClef the Covert (Gnoll Delver)                    Turns: 152, Time: 00:00:22

Health: -2/47      AC:  3    Str: 12    XL:     5   Next: 0%
Magic:  6/6        EV: 13    Int:  9    God:
Gold:   8          SH:  0    Dex: 14    Spells: 6/6 levels left

rFire    . . .     SeeInvis .   a - +0 short sword
rCold    . . .     Faith    .   (no shield)
rNeg     . . .     Spirit   .   b - +0 leather armour
rPois    .         Reflect  .   (no helmet)
rElec    .         Harm     .   (no cloak)
rCorr    .         Rampage  .   (no gloves)
Will     .....                  (no boots)
Stlth    ++++......             (no amulet)
HPRegen  0.15/turn              (no ring)
MPRegen  0.10/turn              (no ring)

@: brilliant, hasted, very quick
A: fangs 1, strong nose, distributed training
a: no special abilities


You were on level 5 of the Dungeon.
You visited 1 branch of the dungeon, and saw 1 of its levels.

You collected 8 gold pieces.

Inventory:

Hand Weapons
 a - a +0 short sword (weapon)
Missiles
 i - 7 silver boomerangs (quivered)
Armour
 b - a +0 leather armour (worn)
Wands
 g - a wand of digging (3)
Scrolls
 c - a scroll of fog
 d - a scroll of magic mapping
 e - a scroll of fear
Potions
 h - a potion of brilliance


   Skills:
 + Level 6.6 Fighting
 + Level 4.7 Short Blades
 + Level 1.3 Long Blades
 + Level 1.3 Axes
 + Level 1.3 Maces & Flails
 + Level 1.3 Polearms
 + Level 1.3 Staves
 + Level 1.3 Slings
 + Level 1.3 Bows
 + Level 1.3 Crossbows
 + Level 1.3 Throwing
 + Level 1.3 Armour
 + Level 4.7 Dodging
 + Level 9.6 Stealth
 + Level 1.3 Shields
 + Level 1.3 Unarmed Combat
 + Level 1.3 Spellcasting
 + Level 1.0 Conjurations
 + Level 1.0 Hexes
 + Level 1.0 Summonings
 + Level 1.0 Necromancy
 + Level 1.0 Translocations
 + Level 1.0 Transmutations
 + Level 1.0 Fire Magic
 + Level 1.0 Ice Magic
 + Level 1.0 Air Magic
 + Level 1.0 Earth Magic
 + Level 1.0 Poison Magic
 + Level 1.4 Invocations
 + Level 1.3 Evocations


You had 6 spell levels left.
You didn't know any spells.
Your spell library contained the following spells:

 Spells                   Type           Power      Damage    Failure   Level
 Summon Ice Beast         Ice/Summ       3%         N/A       96%         4
 Summon Mana Viper        Hex/Summ       3%         N/A       100%        5
 Monstrous Menagerie      Summ           1%         N/A       100%        7


Dungeon Overview and Level Annotations

Branches:
Dungeon (5/15)
 Temple: D:4-7

Altars:

Annotations:
D:5 Menkaure


Innate Abilities, Weirdness & Mutations

You have very sharp teeth.
Your uncanny sense of smell can sniff out nearby items.
Your experience applies equally to all skills.


Message History

Unknown command.
You feel yourself speed up. Menkaure closely misses you.
You hit Menkaure but do no damage. You hit Menkaure but do no damage.
Menkaure whispers drily.
Menkaure hits you.
You closely miss Menkaure. You bite Menkaure, but do no damage.
You hit Menkaure.
Menkaure is lightly damaged.
Menkaure calls on the powers of darkness!
Your body is wracked with pain!
You barely miss Menkaure.
Menkaure is lightly damaged.
You hit Menkaure but do no damage. You bite Menkaure, but do no damage.
Menkaure is lightly damaged.
Menkaure closely misses you.
It was a potion of brilliance.
You feel clever all of a sudden.
You hit Menkaure but do no damage.
Menkaure is lightly damaged.
Menkaure barely misses you.
You hit Menkaure.
Menkaure is moderately damaged.
You puncture Menkaure!
Menkaure is heavily damaged.
You hit Menkaure but do no damage.
Menkaure is heavily damaged.
Menkaure barely misses you.
You hit Menkaure.
Menkaure is severely damaged.
You hit Menkaure. You bite Menkaure.
Menkaure is almost destroyed.
Menkaure mumbles some strange words.
Menkaure seems to speed up.
You completely miss Menkaure.
Menkaure is almost destroyed.
You hit Menkaure.
Menkaure is almost destroyed.
Menkaure hits you!!
You die...

#.# #[# #####
#.# #...
#.###.#######
#............
#####.######
####.######
#.........#
#.##@####.# #
#M# #.. ###.
.# #


You could see Menkaure (fast).

Vanquished Creatures
  A necrophage (D:5)
  A hound (D:5)
2 creatures vanquished.

Notes
Turn   | Place    | Note
-------+----------+-------------------------------------------
     0 | D:5      | Reached skill level 9 in Stealth
     0 | D:5      | DocClef the Gnoll Delver began the quest for the Orb.
     0 | D:5      | Reached XP level 1. HP: 23/23 MP: 1/1
    27 | D:5      | Noticed a necrophage
    31 | D:5      | Killed a necrophage
    32 | D:5      | Reached skill level 1 in Long Blades
    32 | D:5      | Reached skill level 1 in Axes
    32 | D:5      | Reached skill level 1 in Maces & Flails
    32 | D:5      | Reached skill level 1 in Polearms
    32 | D:5      | Reached skill level 1 in Staves
    32 | D:5      | Reached skill level 1 in Slings
    32 | D:5      | Reached skill level 1 in Bows
    32 | D:5      | Reached skill level 1 in Crossbows
    32 | D:5      | Reached skill level 1 in Throwing
    32 | D:5      | Reached skill level 1 in Armour
    32 | D:5      | Reached skill level 1 in Shields
    32 | D:5      | Reached skill level 1 in Unarmed Combat
    32 | D:5      | Reached skill level 1 in Spellcasting
    32 | D:5      | Reached skill level 1 in Invocations
    32 | D:5      | Reached skill level 1 in Evocations
    32 | D:5      | Reached XP level 2. HP: 29/29 MP: 1/3
    32 | D:5      | Reached XP level 3. HP: 35/35 MP: 1/4
    32 | D:5      | Reached XP level 4. HP: 41/41 MP: 1/5
   134 | D:5      | Noticed Menkaure
   137 | D:5      | Reached skill level 1 in Conjurations
   137 | D:5      | Reached skill level 1 in Hexes
   137 | D:5      | Reached skill level 1 in Summonings
   137 | D:5      | Reached skill level 1 in Necromancy
   137 | D:5      | Reached skill level 1 in Translocations
   137 | D:5      | Reached skill level 1 in Transmutations
   137 | D:5      | Reached skill level 1 in Fire Magic
   137 | D:5      | Reached skill level 1 in Ice Magic
   137 | D:5      | Reached skill level 1 in Air Magic
   137 | D:5      | Reached skill level 1 in Earth Magic
   137 | D:5      | Reached skill level 1 in Poison Magic
   137 | D:5      | Reached XP level 5. HP: 41/47 MP: 6/6
   152 | D:5      | Slain by Menkaure

Illustrated notes

Levels and vault maps discovered:
D:5:      layout_loops_ring, nicolae_elyvilon_peaceful_grove,
          mainiacjoe_overflow_boulevard, uniq_menkaure, uniq_duvessa

Skill      XL: |  1  2  3  4 |
---------------+-------------+-----
Stealth        | |  9.6
Long Blades    | 1 |  1.3
Axes           | 1 |  1.3
Maces & Flails | 1 |  1.3
Polearms       | 1 |  1.3
Staves         | 1 |  1.3
Slings         | 1 |  1.3
Bows           | 1 |  1.3
Crossbows      | 1 |  1.3
Throwing       | 1 |  1.3
Armour         | 1 |  1.3
Shields        | 1 |  1.3
Unarmed Combat | 1 |  1.3
Spellcasting   | 1 |  1.3
Invocations    | 1 |  1.4
Evocations     | 1 |  1.3
Conjurations   | 1 |  1.0
Hexes          | 1 |  1.0
Summonings     | 1 |  1.0
Necromancy     | 1 |  1.0
Translocations | 1 |  1.0
Transmutations | 1 |  1.0
Fire Magic     | 1 |  1.0
Ice Magic      | 1 |  1.0
Air Magic      | 1 |  1.0
Earth Magic    | 1 |  1.0
Poison Magic   | 1 |  1.0
Fighting       | |  6.6
Short Blades   | |  4.7
Dodging        | |  4.7

Action                   |  1- 3 |  4- 6 || total
-------------------------+-------+-------++-------
Melee: Short sword       |     1 |    20 ||    21
       Bite              |       |     5 ||     5
  Use: Potion            |       |     2 ||     2
 Stab: Sleeping          |     1 |       ||     1
Dodge: Dodged            |       |     9 ||     9

Table legend: (Time is in decaauts)
 A = Elapsed time spent in this place.
 B = Non-inter-level travel time spent in this place.
 C = Inter-level travel time spent in this place.
 D = Time resting spent in this place.
 E = Time spent auto-exploring this place.
 F = Levels seen in this place.
 G = Mean time per level.
                   A        B        C        D        E       F      G
               +--------+--------+--------+--------+--------+-----+--------+
         Total |    145 |    145 |      0 |      0 |    106 |   1 |  145.0 |
       Dungeon |    145 |    145 |      0 |      0 |    106 |   1 |  145.0 |
               +--------+--------+--------+--------+--------+-----+--------+

Top non-repeatable levels by time:
     D:5: 145 daAuts
